AoeStats
← HAKUNA MATATA

Arena

504257757Analyzed
4v4 RM · 28d ago on Sep 4, 2026· 45m 12s· 8 players
Game mode
Random Map
Map size
Large (8 player)
Population
200
Speed
Normal
Resources
Standard
Victory
Conquest
Starting age
Dark Age
Ending age
Imperial Age
RankedLock teamsTeams togetherTeam positionsShared explorationLock speedFull tech treeHidden civsTurbo modeCheats
Victory
Defeat
🇻🇳 Teutons · Vietnam
1429
+17
🇹🇼 Teutons · Taiwan
1395
+18
🇯🇵 Mongols · Japan
1386
+19
🇨🇳 Spanish · China
1344
+19
🇮🇳 Bohemians · India
1665
-28
🇭🇰 Britons · Hong Kong SAR China
1420
-17
🇦🇷 Malians · Argentina
1407
-17
🇹🇷 Malay · Türkiye
1274
-11
藥膏
6:08 Loom
8:35 Feudal Age
13:27 Fletching
19:47 Double-Bit Axe
24:44 Castle Age
26:11 Wheelbarrow
25:20 Horse Collar
25:51 Bow Saw
33:00 Imperial Age
33:19 Forging
33:15 Scale Barding Armor
33:20 Cavalier
34:45 Bloodlines
35:33 Chain Barding Armor
36:16 Iron Casting
37:59 Plate Barding Armor
45:15 Blast Furnace
44:38 Paladin
45:21 Gold Mining
45:21 Stone Mining
shogun
5:43 Loom
8:58 Feudal Age
10:19 Fletching
16:12 Double-Bit Axe
18:27 Horse Collar
19:25 Wheelbarrow
25:22 Castle Age
23:42 Gold Mining
24:03 Forging
24:04 Scale Barding Armor
24:42 Stone Mining
25:08 Bloodlines
28:02 Bow Saw
27:55 Heavy Plow
30:14 Hand Cart
30:56 Bodkin Arrow
37:21 Imperial Age
35:24 Squires
35:26 Scale Mail Armor
36:54 Iron Casting
36:40 Chain Barding Armor
35:57 Pikeman
36:22 Gambesons
37:28 Cavalier
39:09 Blast Furnace
38:42 Crop Rotation
39:40 Chain Mail Armor
40:00 Plate Barding Armor
40:13 Paladin
店小贰
10:21 Feudal Age
14:03 Castle Age
11:50 Double-Bit Axe
12:32 Horse Collar
14:58 Bow Saw
21:11 Wheelbarrow
20:53 Stone Mining
22:27 Stone Shaft Mining
24:02 Loom
28:25 Imperial Age
26:16 Fletching
26:27 Padded Archer Armor
26:46 Gold Mining
27:22 Ballistics
27:44 Bodkin Arrow
28:05 Leather Archer Armor
28:09 Hand Cart
28:39 Gold Shaft Mining
28:39 Husbandry
28:49 Bloodlines
29:13 Bracer
31:03 Chemistry
30:56 Conscription
30:46 Thumb Ring
31:07 Parthian Tactics
31:14 Elite Mangudai
32:43 Siege Engineers
32:34 Murder Holes
32:58 Heavy Plow
34:45 Coinage
35:39 Drill
35:51 Capped Ram
37:28 Siege Ram
44:20 Scale Barding Armor
44:25 Forging
43:37 Light Cavalry
44:59 Hussar
46:01 Chain Barding Armor
织田信长
10:19 Feudal Age
16:10 Castle Age
14:42 Double-Bit Axe
14:39 Horse Collar
15:01 Gold Mining
17:01 Bow Saw
24:31 Padded Archer Armor
25:53 Heavy Plow
31:13 Leather Archer Armor
35:38 Imperial Age
34:23 Fletching
35:13 Bodkin Arrow
35:41 Ballistics
37:22 Chemistry
36:57 Ring Archer Armor
36:29 Bracer
37:02 Masonry
37:39 Wheelbarrow
36:50 Town Watch
36:28 Elite Skirmisher
37:56 Conscription
39:32 Loom
41:20 Two-Man Saw
41:28 Architecture
40:54 Murder Holes
43:49 Capped Ram
Bear
11:55 Feudal Age
16:30 Castle Age
16:04 Double-Bit Axe
16:00 Horse Collar
19:11 Bow Saw
24:33 Heavy Plow
26:33 Wheelbarrow
26:55 Gold Mining
30:07 Loom
30:38 Hand Cart
30:09 Town Watch
31:01 Pikeman
31:42 Squires
34:54 Imperial Age
33:17 Scale Mail Armor
33:28 Forging
33:19 Man-at-Arms
33:45 Arson
35:05 Chain Mail Armor
35:25 Iron Casting
35:32 Long Swordsman
36:44 Plate Mail Armor
36:05 Fletching
36:56 Two-Handed Swordsman
38:57 Bodkin Arrow
39:47 Champion
40:30 Padded Archer Armor
40:22 Light Cavalry
41:13 Bloodlines
41:03 Husbandry
45:04 Leather Archer Armor
302
12:03 Feudal Age
16:25 Castle Age
14:55 Loom
18:04 Fletching
41:32 Double-Bit Axe
43:00 Wheelbarrow
NoisyBuoy
7:55 Loom
10:25 Feudal Age
14:11 Castle Age
13:38 Double-Bit Axe
23:22 Horse Collar
26:21 Bow Saw
27:37 Heavy Plow
28:29 Wheelbarrow
29:27 Fervor
29:31 Fortified Wall
29:54 Hand Cart
30:12 Town Watch
30:10 Treadmill Crane
34:03 Imperial Age
31:59 Wagenburg Tactics
33:41 Chemistry
33:03 Masonry
33:20 Ballistics
33:03 Fletching
33:36 Sanctity
33:44 Bodkin Arrow
34:07 Fortified Wall
33:38 Treadmill Crane
33:25 Pikeman
35:26 Architecture
37:29 Scale Mail Armor
36:52 Elite Skirmisher
38:54 Halberdier
41:40 Bracer
41:41 Padded Archer Armor
42:00 Squires
42:51 Chain Mail Armor
HAKUNA MATATA
12:06 Feudal Age
16:07 Castle Age
14:43 Double-Bit Axe
14:41 Horse Collar
16:15 Heavy Plow
21:24 Loom
21:55 Bow Saw
25:26 Gold Mining
30:23 Imperial Age
28:29 Wheelbarrow
27:40 Town Watch
28:26 Fletching
28:37 Padded Archer Armor
29:05 Ballistics
28:37 Crossbowman
29:23 Thumb Ring
29:33 Bodkin Arrow
29:39 Padded Archer Armor
30:16 Conscription
31:31 Chemistry
30:33 Padded Archer Armor
30:56 Arbalester
32:27 Bracer
32:43 Leather Archer Armor
37:51 Ring Archer Armor
37:19 Elite Skirmisher
41:09 Forging
40:50 Elite Karambit Warrior
Connection lost

Rejoining the realm…

Still unreachable

The connection could not be restored.

Session expired

The server has moved on; the page needs a fresh start.